 Seeded DCSS version 0.30-a0-879-ga8ba668304 (webtiles) character file.

Game seed: 199420804851516130 (custom seed)

7 valliere the Trooper (level 2, 27/27 HPs)
             Began as a Hill Orc Monk on Mar 13, 2023.
             Quit the game on level 1 of the Dungeon.
             The game lasted 00:00:46 (221 turns).

valliere the Trooper (Hill Orc Monk)                 Turns: 221, Time: 00:00:47

Health: 27/27      AC:  2    Str: 13    XL:     2   Next: 0%
Magic:  2/2        EV: 12    Int: 10    God:
Gold:   10         SH:  0    Dex: 13    Spells: 1/1 levels left

rFire   . . .      SeeInvis .    a - +0 mace
rCold   . . .      Faith    .    (no shield)
rNeg    + . .      Spirit   .    b - +0 robe
rPois   .          Reflect  .    (no helmet)
rElec   .          Rampage  .    (no cloak)
rCorr   .                        (no gloves)
Will    .....                    (no boots)
Stlth   ++                       e - amulet of regeneration
HPRegen 1.04/turn                d - ring of positive energy
MPRegen 0.08/turn                (no ring)

@: no status effects
A: no striking features
a: no special abilities


You were on level 1 of the Dungeon.
You visited 1 branch of the dungeon, and saw 1 of its levels.

You collected 10 gold pieces.

Inventory:

Hand Weapons
 a - a +0 mace (weapon)
Missiles
 h - 2 throwing nets (quivered)
Armour
 b - a +0 robe (worn)
Jewellery
 d - a ring of positive energy (left hand)
 e - an amulet of regeneration (around neck)
Scrolls
 f - a scroll of teleportation {unknown}
 g - a scroll of identify {unknown}
 i - a scroll of immolation {unknown}
Potions
 c - a potion of ambrosia


   Skills:
 + Level 3.8 Fighting
 + Level 3.4 Maces & Flails
 + Level 2.5 Dodging
 + Level 1.7 Stealth


You had one spell level left.
You didn't know any spells.
Your spell library was empty.

Dungeon Overview and Level Annotations

Branches:
Dungeon (1/15)

Altars:


Message History

You kill the kobold!
Things that are here:
a +0 dagger; a kobold corpse You sock the goblin!
You kill the goblin!
No target in view!
No target in view!
No target in view!
No target in view!
No target in view!
No target in view!
i - a scroll labelled DUGGORAUGRI A bat comes into view.
A bat is nearby!
The helpless bat fails to defend itself.
You hit the bat.
You kill the bat!
No target in view!
A ball python comes into view.
Found an embroidered cloak.
The ball python hisses angrily.
A ball python is nearby!
A rat comes into view.
You barely miss the ball python. The ball python closely misses you.
The ball python grabs you. The ball python constricts you.
You hit the ball python.
The ball python is moderately wounded.
The ball python bites you. The ball python constricts you.
You hit the ball python but do no damage.
The ball python is moderately wounded.
The ball python barely misses you. The ball python constricts you.
The ball python barely misses you. The ball python constricts you.
The rat bites you.
You hit the ball python.
You kill the ball python!
The rat closely misses you.
You thump the rat!
You kill the rat!
You have reached level 2!
Are you sure you want to abandon this character and quit the game? (Confirm with "yes".)

#..........##
#...........#
#.........#.#
#####.#####...
#..†....#
#.......#
#.......#
#.####### #@#
#.......#
#.......#
#.......#
#.......#
#[......#
........#
#........#


There were no monsters in sight!

Vanquished Creatures
  A goblin (D:1)
  A hobgoblin (D:1)
  A quokka (D:1)
  A ball python (D:1)
  A bat (D:1)
  A kobold (D:1)
  A rat (D:1)
7 creatures vanquished.

Notes
Turn   | Place    | Note
-------+----------+-------------------------------------------
     0 | D:1      | valliere the Hill Orc Monk began the quest for the Orb.
     0 | D:1      | Reached XP level 1. HP: 19/19 MP: 1/1
   221 | D:1      | Reached XP level 2. HP: 27/27 MP: 2/2
   221 | D:1      | Quit the game

Illustrated notes

Levels and vault maps discovered:
D:1:      dpeg_arrival_another_circle, layout_basic, serial_shops,
          nicolae_shop_stone, minmay_tetromino_i4

Action                     || total
---------------------------++-------
  Melee: Mace              ||    14
         Punch             ||     1
   Stab: Sleeping          ||     1
 Armour: Robe              ||     1
  Dodge: Dodged            ||    10

Table legend: (Time is in decaauts)
 A = Elapsed time spent in this place.
 B = Non-inter-level travel time spent in this place.
 C = Inter-level travel time spent in this place.
 D = Time resting spent in this place.
 E = Time spent auto-exploring this place.
 F = Levels seen in this place.
 G = Mean time per level.
                   A        B        C        D        E       F      G
               +--------+--------+--------+--------+--------+-----+--------+
         Total |    223 |    223 |      0 |      0 |    173 |   1 |  223.0 |
       Dungeon |    223 |    223 |      0 |      0 |    173 |   1 |  223.0 |
               +--------+--------+--------+--------+--------+-----+--------+

Top non-repeatable levels by time:
     D:1: 223 daAuts
